[ AOE2 MATCH · #490093543 ]
UnrankedByzantines vs Khitans
[ REPLAY ANALYSIS · EXTRACTED FROM THE RECORDED GAME ]
Feudal
—
Castle
—
Imperial
—
| APM avg | 45.2 |
| APM peak | 65 |
| eAPM avg | 13.3 |
| Villagers / military | 15 / 0 |
Focus
⚔️ 9.1% · 🌾 90.9%
Feudal
—
Castle
—
Imperial
—
| APM avg | 62.3 |
| APM peak | 97 |
| eAPM avg | 10.3 |
| Villagers / military | 21 / 0 |
Focus
⚔️ 1.9% · 🌾 98.1%
Feudal
—
Castle
—
Imperial
—
| APM avg | 22.9 |
| APM peak | 37 |
| eAPM avg | 10.0 |
| Villagers / military | 21 / 0 |
Focus
⚔️ 8.5% · 🌾 91.5%
Feudal
—
Castle
—
Imperial
—
| APM avg | 2.8 |
| APM peak | 16 |
| eAPM avg | 1.7 |
| Villagers / military | 3 / 0 |
Focus
⚔️ 0.0% · 🌾 100.0%
Feudal
—
Castle
—
Imperial
—
| APM avg | 25.1 |
| APM peak | 78 |
| eAPM avg | 5.2 |
| Villagers / military | 9 / 0 |
Focus
⚔️ 26.9% · 🌾 73.1%
Feudal
—
Castle
—
Imperial
—
| APM avg | 2.1 |
| APM peak | 12 |
| eAPM avg | 2.1 |
| Villagers / military | 3 / 0 |
Focus
⚔️ 0.0% · 🌾 100.0%
Feudal
—
Castle
—
Imperial
—
| APM avg | 34.2 |
| APM peak | 55 |
| eAPM avg | 12.0 |
| Villagers / military | 21 / 0 |
Focus
⚔️ 3.1% · 🌾 96.9%
Feudal
—
Castle
—
Imperial
—
| APM avg | 20.9 |
| APM peak | 44 |
| eAPM avg | 6.3 |
| Villagers / military | 14 / 0 |
Focus
⚔️ 23.1% · 🌾 76.9%
Match map
Initial resources + every placement click. Lines = walls · curves = elevation contours. ◆ gold · ⬟ stone · ● berries · ✦ relic · ◌ wall gap
Your base
Hunter's base
AcheronianoSSx's base
TheEel's base
MZTK | AwesomeDude's base
LRNI_robotech's base
dedw1ng's base
久久's base
Smoothed initial terrain · ◌ = detected wall gap · hover for details
Inputs per minute
— cquonck - - Hunter
Build order — cquonck
20 actions detected in the replay
| 0:00 | Create | Villager (Male) |
| 0:01 | Create | Villager (Male) |
| 0:01 | Create | Villager (Male) |
| 0:02 | Build | House |
| 0:04 | Build | House |
| 0:13 | Create | Villager (Male) |
| 1:30 | Create | Villager (Male) |
| 1:46 | Build | Lumber Camp |
| 2:00 | Create | Villager (Male) |
| 2:15 | Create | Villager (Male) |
| 2:44 | Create | Villager (Male) |
| 3:04 | Create | Villager (Male) |
| 3:33 | Build | House |
| 3:35 | Build | House |
| 3:38 | Create | Villager (Male) |
| 4:02 | Create | Villager (Male) |
| 4:35 | Create | Villager (Male) |
| 4:48 | Create | Villager (Male) |
| 5:24 | Create | Villager (Male) |
| 5:25 | Create | Villager (Male) |
Build order — Hunter
26 actions detected in the replay
| 0:01 | Create | Villager (Male) |
| 0:01 | Create | Villager (Male) |
| 0:03 | Build | House |
| 0:04 | Build | House |
| 0:10 | Create | Villager (Male) |
| 0:43 | Create | Villager (Male) |
| 0:43 | Create | Villager (Male) |
| 1:27 | Create | Villager (Male) |
| 1:28 | Create | Villager (Male) |
| 1:52 | Build | Lumber Camp |
| 2:12 | Create | Villager (Male) |
| 2:12 | Create | Villager (Male) |
| 2:18 | Create | Villager (Male) |
| 2:54 | Create | Villager (Male) |
| 2:54 | Create | Villager (Male) |
| 3:05 | Build | House |
| 3:27 | Create | Villager (Male) |
| 3:28 | Create | Villager (Male) |
| 4:06 | Create | Villager (Male) |
| 4:06 | Create | Villager (Male) |
| 4:06 | Create | Villager (Male) |
| 4:30 | Build | Lumber Camp |
| 4:43 | Create | Villager (Male) |
| 4:43 | Create | Villager (Male) |
| 4:54 | Create | Villager (Male) |
| 4:54 | Create | Villager (Male) |
Build order — AcheronianoSSx
26 actions detected in the replay
| 0:01 | Create | Villager (Male) |
| 0:01 | Create | Villager (Male) |
| 0:02 | Create | Villager (Male) |
| 0:02 | Create | Villager (Male) |
| 0:05 | Build | Pasture |
| 0:07 | Build | House |
| 0:12 | Research | Loom |
| 0:12 | Create | Villager (Male) |
| 0:13 | Create | Villager (Male) |
| 0:13 | Create | Villager (Male) |
| 0:13 | Create | Villager (Male) |
| 1:05 | Build | House |
| 1:16 | Create | Villager (Male) |
| 1:16 | Create | Villager (Male) |
| 1:55 | Create | Villager (Male) |
| 1:56 | Create | Villager (Male) |
| 2:21 | Create | Villager (Male) |
| 2:59 | Create | Villager (Male) |
| 2:59 | Create | Villager (Male) |
| 3:33 | Create | Villager (Male) |
| 3:50 | Create | Villager (Male) |
| 4:12 | Create | Villager (Male) |
| 4:34 | Build | House |
| 4:43 | Create | Villager (Male) |
| 5:04 | Create | Villager (Male) |
| 5:39 | Create | Villager (Male) |
Build order — TheEel
5 actions detected in the replay
| 0:01 | Create | Villager (Male) |
| 0:01 | Create | Villager (Male) |
| 0:02 | Create | Villager (Male) |
| 0:03 | Build | House |
| 0:04 | Build | House |
Build order — MZTK | AwesomeDude
11 actions detected in the replay
| 0:06 | Create | Villager (Male) |
| 0:06 | Create | Villager (Male) |
| 0:06 | Create | Villager (Male) |
| 0:17 | Build | House |
| 0:18 | Create | Villager (Male) |
| 0:18 | Create | Villager (Male) |
| 0:24 | Build | House |
| 4:34 | Create | Villager (Male) |
| 4:34 | Create | Villager (Male) |
| 5:22 | Create | Villager (Male) |
| 5:22 | Create | Villager (Male) |
Build order — LRNI_robotech
5 actions detected in the replay
| 0:01 | Create | Villager (Male) |
| 0:01 | Create | Villager (Male) |
| 0:02 | Build | House |
| 0:04 | Build | House |
| 0:04 | Create | Villager (Male) |
Build order — dedw1ng
24 actions detected in the replay
| 0:02 | Create | Villager (Male) ×5 |
| 0:04 | Build | House |
| 0:05 | Build | House |
| 1:30 | Create | Villager (Male) |
| 2:04 | Build | Lumber Camp |
| 2:05 | Create | Villager (Male) |
| 2:05 | Create | Villager (Male) |
| 2:16 | Create | Villager (Male) |
| 2:42 | Build | House |
| 2:44 | Build | House |
| 2:47 | Create | Villager (Male) |
| 2:48 | Create | Villager (Male) |
| 3:05 | Create | Villager (Male) |
| 3:28 | Create | Villager (Male) |
| 3:43 | Create | Villager (Male) |
| 3:43 | Create | Villager (Male) |
| 4:04 | Build | Mill |
| 4:14 | Create | Villager (Male) |
| 4:26 | Create | Villager (Male) |
| 4:26 | Create | Villager (Male) |
| 5:00 | Create | Villager (Male) |
| 5:24 | Build | House |
| 5:26 | Create | Villager (Male) |
| 5:26 | Create | Villager (Male) |
Build order — 久久
16 actions detected in the replay
| 0:04 | Research | Loom |
| 0:55 | Create | Villager (Male) |
| 1:15 | Create | Villager (Male) |
| 1:15 | Create | Villager (Male) |
| 1:26 | Build | Lumber Camp |
| 1:39 | Create | Villager (Male) |
| 2:25 | Create | Villager (Male) |
| 2:25 | Create | Villager (Male) |
| 2:42 | Create | Villager (Male) |
| 3:14 | Create | Villager (Male) |
| 3:14 | Create | Villager (Male) |
| 3:43 | Create | Villager (Male) |
| 5:18 | Create | Villager (Male) |
| 5:19 | Create | Villager (Male) |
| 5:20 | Create | Villager (Male) |
| 5:20 | Create | Villager (Male) |
Match timeline
| 0:08 | LRNI_robotech · resign |
[ AI ANALYSIS · 1 CREDIT ]
What really happened in this match?
Wolo.gg analyzes every decision: build order, eco, micro, common mistakes by bracket. Personalized analysis on WhatsApp or Discord in 30 seconds.
Civ guide
Byzantines
Perfil
cquonck